 Dungeon Crawl Stone Soup version 0.28.0-47-ge53b351184 (console) character file.

Game seed: 1320839519069953188

887 Faeu the Covered (level 7, -8/64 HPs)
             Began as a Minotaur Fighter on May 2, 2022.
             Mangled by an orc warrior
             ... wielding a +0 long sword
              (15 damage)
             ... on level 5 of the Dungeon.
             The game lasted 00:11:37 (4588 turns).

Faeu the Covered (Minotaur Fighter)                 Turns: 4588, Time: 00:11:37

Health: -8/64      AC:  7    Str: 22    XL:     7   Next: 77%
Magic:  6/6        EV:  9    Int:  5    God:
Gold:   119        SH:  5    Dex: 10    Spells: 6/6 levels left

rFire   . . .      SeeInvis .   v - +2 hand axe (vamp) {axe}
rCold   . . .      Faith    .   c - +0 buckler
rNeg    . . .      Spirit   .   b - +0 scale mail
rPois   .          Reflect  .   (helmet restricted)
rElec   .          Harm     .   (no cloak)
rCorr   .          Rampage  .   (no gloves)
Will    .....                   (no boots)
Stlth   ..........              (no amulet)
HPRegen 0.20/turn               (no ring)
MPRegen 0.10/turn               (no ring)

@: no status effects
A: horns 2, retaliatory headbutt
a: no special abilities


You were on level 5 of the Dungeon.
You visited 2 branches of the dungeon, and saw 6 of its levels.

You collected 119 gold pieces.


Innate Abilities, Weirdness & Mutations

You have a pair of horns on your head.
You reflexively headbutt those who attack you in melee.


   Skills:
 + Level 6.4 Fighting
 + Level 5.8 Axes
 + Level 6.4 Armour
 + Level 6.4 Shields


You had 6 spell levels left.
You didn't know any spells.
Your spell library was empty.

Inventory:

Hand Weapons
 a - a +0 war axe {axe}
 t - a +4 quarterstaff of chaos {staff}
   (You took it off Crazy Yiuf on level 2 of the Dungeon)
 v - a +2 vampiric hand axe (weapon) {axe}
   (You took it off an orc on level 2 of the Dungeon)
 x - a +1 hand axe of venom {axe}
   (You took it off an orc on level 3 of the Dungeon)
Missiles
 w - 3 boomerangs (quivered) {throwing}
Armour
 b - a +0 scale mail (worn)
 c - a +0 buckler (worn)
 p - a scarf of shadows
   (You found it on level 2 of the Dungeon)
 u - a +0 cloak
   (You took it off Crazy Yiuf on level 2 of the Dungeon)
Jewellery
 h - a +6 ring of intelligence
   (You found it on level 4 of the Dungeon)
Wands
 n - a wand of mindburst (7)
   (You found it on level 2 of the Dungeon)
Scrolls
 e - 5 scrolls of magic mapping {unknown}
 f - 4 scrolls of identify {unknown}
 k - 2 scrolls of noise {unknown}
 l - a scroll of immolation {unknown}
 o - a scroll of vulnerability {unknown}
 r - 2 scrolls of amnesia {unknown}
 y - a scroll of enchant weapon {unknown}
 z - 2 scrolls of teleportation {unknown}
 B - a scroll of enchant armour {unknown}
Potions
 d - 4 potions of might
 g - a potion of lignification {unknown}
 i - a potion of attraction {unknown}
 j - a potion of mutation {unknown}
 m - a potion of heal wounds {unknown}
 q - 2 potions of flight {unknown}
 s - a potion of invisibility {unknown}
 A - 2 potions of haste {unknown}
 C - a potion of degeneration {unknown}

Dungeon Overview and Level Annotations

Branches:
Dungeon (5/15)             Temple (1/1) D:4

Altars:
Ashenzari
Cheibriados
Elyvilon
Fedhas
Gozag
Nemelex Xobeh
Qazlal
Sif Muna
Trog
Uskayaw
Xom
Yredelemnul
The Shining One
Lugonu

Shops:
D:4

* ... ##..# #.>. +# #
#..# ... #.###..# ....
#......# .....
#########...####......
.............@ooo.....
##......####......
##.##.## ..... #.####
.... #.# ... #.# #+#
#.# #.# #.# #.# #)#
##.###### #### #.#
##.......## ...# #.#
#....)....##


You could see an orc warrior and 2 orcs.


Message History

There is an open gate, spattered with blood here. 😎 HP[+1]
C - a red potion
There is a stormy altar of Qazlal here.
There is an open gate here.
You see here a quokka corpse.
A centaur comes into view.
The centaur shouts!
The centaur wields a +0 shortbow.
The centaur shoots an arrow.
The arrow hits you! 😕 HP[-12]
You take 12 damage, and now have 51/63 hp. 😕 HP[+1]
The centaur shoots an arrow.
The arrow hits you! 😮 HP[-9]
You take 9 damage, and now have 43/63 hp.
The centaur unwields a +0 shortbow.
You block the centaur's attack. The centaur closely misses you.
You hit the centaur but do no damage. You headbutt the centaur!
The centaur hits you.
The centaur kicks you but does no damage. 😮 HP[-2]
You take 2 damage, and now have 41/63 hp.
You barely miss the centaur.
The centaur hits you but does no damage.
You block the centaur's attack. x2
The centaur kicks you but does no damage.
You barely miss the centaur. The centaur hits you.
The centaur kicks you but does no damage.
You block the centaur's attack.
The centaur kicks you but does no damage.
You slash the centaur! The centaur barely misses you.
The centaur kicks you but does no damage.
You slash the centaur!
You feel better.
You kill the centaur!
Things that are here:
a +0 shortbow {bow}; 9 arrows 😮 HP[+3]
You now have 64 max hp (+1).
You regained 3 hp, and now have 44/64 hp.
HP restored.
You open the door.
An orc warrior and 2 orcs come into view.
The orc warrior shouts!
The orc shouts! x2 😎 HP[+20]
You hit the orc. You barely miss the orc. The orc hits you with a +0 flail.
The orc hits you but does no damage. 😕 HP[-3]
You take 3 damage, and now have 61/64 hp.
You slash the orc!
You feel better.
You kill the orc!
An orc comes into view.
It is wielding a +0 short sword. 😎 HP[+3]
The orc shouts!
The orc warrior hits you with a +0 long sword.
Things that are here:
a +0 flail {mace}; a +0 ring mail; an orc corpse 😕 HP[-1]
You take 1 damage, and now have 63/64 hp.
You closely miss the orc warrior.
The orc warrior hits you with a +0 long sword! 😕 HP[-12]
You take 12 damage, and now have 51/64 hp.
You hit the orc warrior. You block the orc warrior's attack.
You barely miss the orc warrior. Your headbutt misses the orc warrior.
The orc warrior hits you with a +0 long sword!!
The orc warrior hits you with a +0 long sword.
* * * LOW HITPOINT WARNING * * *
😨 HP[-20]
You take 20 damage, and now have 31/64 hp.
MASSIVE DAMAGE!! (PAUSE)
You hit the orc warrior but do no damage.
The orc warrior hits you with a +0 long sword.
* * * LOW HITPOINT WARNING * * *
😨 HP[-4]
You take 4 damage, and now have 27/64 hp.
You hit the orc warrior but do no damage.
The orc warrior hits you with a +0 long sword!
* * * LOW HITPOINT WARNING * * *
😱 HP[-11]
You take 11 damage, and now have 16/64 hp.
You hit the orc warrior.
You feel better.
You block the orc warrior's attack. 😨 HP[+4]
You regained 4 hp, and now have 20/64 hp.
You hit the orc warrior. Your headbutt misses the orc warrior.
The orc warrior hits you with a +0 long sword.
* * * LOW HITPOINT WARNING * * *
😨 HP[-2]
You take 2 damage, and now have 18/64 hp.
You barely miss the orc warrior.
The orc warrior hits you with a +0 long sword!
* * * LOW HITPOINT WARNING * * *
😱 HP[-11]
You take 11 damage, and now have 7/64 hp.
You closely miss the orc warrior. The orc warrior closely misses you.
You hit the orc warrior. The orc warrior completely misses you.
You hit the orc warrior but do no damage.
The orc warrior hits you with a +0 long sword!
You die...

Skill      XL: |  1  2  3  4  5  6  7 |
---------------+----------------------+-----
Shields        | 4 5 6 |  6.4
Fighting       | 4 5 6 |  6.4
Armour         | 4 5 6 |  6.4
Axes           | 3 4 5 |  5.8

Action                   |  1- 3 |  4- 6 |  7- 9 || total
-------------------------+-------+-------+-------++-------
Melee: War axe           |    77 |    27 |       ||   104
       Headbutt          |    12 |     8 |    16 ||    36
       Hand axe          |       |    67 |    72 ||   139
Evoke: Wand              |       |     3 |       ||     3
  Use: Potion            |       |     2 |       ||     2
Armor: Scale mail        |    35 |    54 |    30 ||   119
Dodge: Dodged            |    41 |    54 |    21 ||   116
Block: Buckler           |    22 |    30 |    20 ||    72

Levels and vault maps discovered:
D:1:      minmay_arrival_radiant_lines, layout_loops_cross,
          chequers_ecumenical_altar_lobes
D:2:      layout_rooms, uniq_crazy_yiuf_cottage, uniq_terence
D:3:      layout_rooms, mainiacjoe_overflow_tiny_flanked, tso_metal_star,
          minmay_misc_feat_pillars, uniq_sigmund
D:4:      layout_rooms, lemuel_coloured_pillars_altar,
          minmay_temple_entry_nine_rooms, serial_shops,
          nicolae_shop_competitors_out_of_business
D:5:      layout_loops_corners, nemelex_dance_club_becter,
          mainiacjoe_overflow_alcove_4, lightli_corner_chamber, uniq_duvessa,
          uniq_menkaure
Temple:   corrupted_temple

Notes
Turn   | Place    | Note
-------+----------+-------------------------------------------
     0 | D:1      | Faeu the Minotaur Fighter began the quest for the Orb.
     0 | D:1      | Reached XP level 1. HP: 19/19 MP: 0/0
     0 | D:1      | magus.rc [v1.9.6]
   244 | D:1      | Found a faded altar of an unknown god.
   314 | D:1      | Reached XP level 2. HP: 27/27 MP: 1/1
   409 | D:1      | Reached skill level 4 in Shields
   718 | D:2      | Reached skill level 4 in Fighting
   721 | D:2      | Reached skill level 4 in Armour
   840 | D:2      | Reached skill level 3 in Axes
   905 | D:2      | Noticed Terence
   910 | D:2      | Reached XP level 3. HP: 30/33 MP: 2/2
   917 | D:2      | Killed Terence
  1100 | D:2      | Reached XP level 4. HP: 41/41 MP: 3/3
  1391 | D:2      | Found a runed translucent door.
  1392 | D:2      | Noticed Crazy Yiuf
  1589 | D:2      | Killed Crazy Yiuf
  1589 | D:2      | HP: 9/40 [poisoned by Crazy Yiuf]
  1594 | D:2      | HP: 5/41 [poisoned by Crazy Yiuf]
  1959 | D:3      | Found a white marble altar of Elyvilon.
  1993 | D:3      | HP: 10/41 [rat (2)]
  2002 | D:2      | HP: 10/41 [giant cockroach (2)]
  2438 | D:2      | Reached XP level 5. HP: 33/47 MP: 4/4
  2545 | D:3      | Reached skill level 4 in Axes
  2569 | D:3      | Noticed a necrophage
  2569 | D:3      | Noticed Sigmund
  2682 | D:3      | Found a glowing golden altar of the Shining One.
  2737 | D:3      | Killed a necrophage
  2738 | D:3      | Reached skill level 5 in Fighting
  2738 | D:3      | Reached skill level 5 in Armour
  2738 | D:3      | Reached skill level 5 in Shields
  2738 | D:3      | Reached XP level 6. HP: 48/56 MP: 5/5
  2855 | D:4      | Found an opulent altar of Gozag.
  3218 | D:4      | HP: 13/56 [phantom (4)]
  3305 | D:3      | HP: 5/56 [something (11)]
  3306 | D:3      | Killed Sigmund
  3307 | D:3      | Reached skill level 5 in Axes
  3307 | D:3      | Reached XP level 7. HP: 6/62 MP: 6/6
  3839 | D:4      | Found Ikiumyx's Assorted Antiques.
  3965 | D:4      | Found a staircase to the Ecumenical Temple.
  3971 | Temple   | Entered the Ecumenical Temple
  4277 | D:5      | Entered Level 5 of the Dungeon
  4335 | D:5      | Reached skill level 6 in Fighting
  4335 | D:5      | Reached skill level 6 in Armour
  4335 | D:5      | Reached skill level 6 in Shields
  4349 | D:5      | Found a sparkling altar of Nemelex Xobeh.
  4416 | D:5      | Found a stormy altar of Qazlal.
  4582 | D:5      | HP: 16/64 [orc warrior/+0 long sword (11)]
  4585 | D:5      | HP: 7/64 [orc warrior/+0 long sword (12)]
  4588 | D:5      | Mangled by an orc warrior

Vanquished Creatures
  Sigmund (D:3)
  A sky beast (D:5)
  A necrophage (D:3)
  An ogre (D:5)
  A centaur (D:5)
  A phantom (D:4)
  An orc priest (D:3)
  Crazy Yiuf (D:2)
  A centaur skeleton (D:4)
  Terence (D:2)
  An iguana (D:5)
  An orc wizard (D:3)
  4 gnolls (D:4)
  A howler monkey skeleton (D:5)
  3 adders (D:2)
  A dart slug (D:3)
  7 orcs
  9 endoplasms
  7 giant cockroaches
  6 goblins
  7 hobgoblins
  7 kobolds
  4 quokkas
  6 ball pythons
  5 bats
  3 frilled lizards
  6 rats
88 creatures vanquished.

Vanquished Creatures (others)
  8 plants
8 creatures vanquished.

Grand Total: 96 creatures vanquished

Table legend:
 A = Non-vault XP
 B = Vault XP
 C = Vault XP percentage of total XP
 D = Non-vault monster count
 E = Vault monster count
 F = Vault count percentage of total count
                 A         B        C        D         E       F
            +---------+---------+-------+---------+---------+-------
      Total |     856 |     412 |  32.5 |      83 |       5 |   5.7
            +---------+---------+-------+---------+---------+-------
        D:1 |      30 |       0 |   0.0 |      18 |       0 |   0.0
        D:2 |      75 |      76 |  50.3 |      23 |       2 |   8.0
        D:3 |     233 |     212 |  47.6 |      19 |       1 |   5.0
        D:4 |     221 |       0 |   0.0 |      16 |       0 |   0.0
        D:5 |     297 |     124 |  29.5 |       7 |       2 |  22.2
            +---------+---------+-------+---------+---------+-------

Illustrated notes

Table legend:
 A = Kills in this place as a percentage of kills in entire the game.
 B = Kills by you in this place as a percentage of kills by you in the entire game.
 C = Kills by friends in this place as a percentage of kills by friends in the entire game.
 D = Other kills in this place as a percentage of other kills in the entire game.
 E = Experience gained in this place as a percentage of experience gained in the entire game.
 F = Experience gained in this place divided by the number of levels of this place that you have seen.
                   A       B       C       D       E      F
               +-------+-------+-------+-------+-------+----------------------
         Total | 100.0 | 100.0 |   N/A |   N/A | 100.0 | 211.3
       Dungeon | 100.0 | 100.0 |   N/A |   N/A | 100.0 | 253.6
               +-------+-------+-------+-------+-------+----------------------

Table legend: (Time is in decaauts)
 A = Elapsed time spent in this place.
 B = Non-inter-level travel time spent in this place.
 C = Inter-level travel time spent in this place.
 D = Time resting spent in this place.
 E = Time spent auto-exploring this place.
 F = Levels seen in this place.
 G = Mean time per level.
                   A        B        C        D        E       F      G
               +--------+--------+--------+--------+--------+-----+--------+
         Total |   4647 |   4542 |    105 |    690 |   2422 |   6 |  774.5 |
       Dungeon |   4600 |   4495 |    105 |    690 |   2397 |   5 |  920.0 |
        Temple |     47 |     47 |      0 |      0 |     25 |   1 |   47.0 |
               +--------+--------+--------+--------+--------+-----+--------+

Top non-repeatable levels by time:
     D:2: 1827 daAuts
     D:4: 888 daAuts
     D:3: 844 daAuts
     D:1: 725 daAuts
     D:5: 314 daAuts
  Temple: 47 daAuts
